 Dungeon Crawl Stone Soup version 0.29.1-1-gd02db6906a (webtiles) character file.

Game seed: 5864564951626579037

19 RascalDebosk the Ducker (level 2, -2/24 HPs)
             Began as a Djinni Gladiator on Oct 13, 2022.
             Slain by a white imp (6 damage)
             ... summoned by Natasha
             ... on level 2 of the Dungeon.
             The game lasted 00:06:05 (630 turns).

RascalDebosk the Ducker (Djinni Gladiator)           Turns: 630, Time: 00:06:06

Health: -2/24      AC:  4    Str: 13    XL:     2   Next: 95%
Gold:   23         EV: 12    Int:  9    God:
                   SH:  0    Dex: 14

rFire   + + .      SeeInvis .   a - +0 rapier
rCold   x . .      Faith    .   (no shield)
rNeg    . . .      Spirit   .   b - +0 leather armour
rPois   ∞          Reflect  .   c - +0 helmet
rElec   .          Harm     .   (no cloak)
rCorr   .          Rampage  .   (no gloves)
Will    .....                   (boots unavailable)
Stlth   +.........              (no amulet)
HPRegen 0.08/turn               (no ring)
MPRegen 0.00/turn               (no ring)

@: flying, slowed, very slow
A: sickness immunity, fire resistance 2, cold vulnerability 1, float, innate
caster, HP casting, extra vitality 1
a: no special abilities


You were on level 2 of the Dungeon.
You visited 1 branch of the dungeon, and saw 2 of its levels.

You collected 23 gold pieces.

Inventory:

Hand Weapons
 a - a +0 rapier (weapon)
Missiles
 d - 3 throwing nets (quivered) {@!f}
 e - a javelin
Armour
 b - a +0 leather armour (worn)
 c - a +0 helmet (worn)
Scrolls
 f - a scroll of poison {unknown}
 h - a scroll of identify {unknown}
 j - a scroll of blinking {unknown}
Potions
 g - a potion of degeneration {unknown}
 i - a potion of attraction {unknown}
 k - a potion of mutation {unknown}


   Skills:
 + Level 2.4 Fighting
 - Level 2.6 Short Blades
 - Level 1.5 Throwing
 - Level 3.2 Dodging
 + Level 0.7 Spellcasting
 + Level 1.1 Evocations


You had 2 spell levels left.
You didn't know any spells.
Your spell library was empty.

Dungeon Overview and Level Annotations

Branches:
Dungeon (2/15)

Altars:

Shops:
D:2 [*

Annotations:
D:2 Natasha


Innate Abilities, Weirdness & Mutations

You are immune to sickness and miasma.
You are immune to poison.
Your flesh is very heat resistant. (rF++)
You are vulnerable to cold. (rC-)
You float through the air rather than walking.
You learn spells naturally, not from books.
Your magical power is your life essence.
You have superior vitality. (+4 MHP)


Message History

You hit the dart slug.
You kill the dart slug!
You see here a +0 buckler.
Found a short sword.
You see here a +0 short sword.
Found an escape hatch in the floor.
Found a stone staircase leading down.
There is a stone staircase leading down here.
A quokka comes into view.
A bat comes into view.
Found 15 gold pieces.
The bat hits you. The bat barely misses you. The bat closely misses you.
You closely miss the quokka. The bat closely misses you.
The quokka completely misses you. The bat closely misses you.
The quokka closely misses you.
You barely miss the quokka. The bat hits you but does no damage.
The quokka closely misses you.
You hit the quokka.
You kill the quokka!
The bat misses you. x2
The bat barely misses you. The bat hits you but does no damage.
You hit the bat.
You kill the bat!
i - an amethyst potion You now have 15 gold pieces.
A goblin comes into view. It is wielding a +0 dagger.
The goblin shouts!
The goblin hits you but does no damage.
You puncture the goblin!
You kill the goblin!
Things that are here:
a +0 dagger; a goblin corpse
Found a sling.
Done exploring.
There is a stone staircase leading down here.
You fly downwards.
Found a steel ring.
Found Goal's Armour Boutique.
There is a stone staircase leading up here.
You see here a ring of flight.
There is a stone staircase leading up here.
Found a viscous black potion and a leather armour.
Found an escape hatch in the floor.
You see here a +0 leather armour.
Found a scroll labelled DYPANOVIRIU.
Found a stone staircase leading down.
Found 8 gold pieces.
There is an entrance to Goal's Armour Boutique here.
You can access your shopping list by pressing '$'.
Found a short sword.
Found a stone staircase leading up.
You now have 23 gold pieces (gained 8).
There is an entrance to Goal's Armour Boutique here.
j - a scroll labelled DYPANOVIRIU You see here a +0 leather armour.
k - a viscous black potion A bat comes into view.
The bat hits you.
You hit the bat.
You kill the bat!
HP restored.
Found a leather armour.
Found Casmaxza's General Store.
Found a runed ring mail.
Natasha, Servant of Life and Death comes into view.
Natasha hisses angrily.
Natasha casts a spell at you.
You feel yourself slow down.
A kobold comes into view. It is wielding a +0 short sword.
The kobold shouts!
A bat comes into view.
Natasha stares at you and mumbles some strange words.
You resist with significant effort.
An endoplasm comes into view.
The kobold closely misses you.
A giant cockroach comes into view.
The endoplasm quivers.
The bat barely misses you. The endoplasm freezes you.
You are frozen.
You feel a terrible chill! The endoplasm attacks as you move away!
The endoplasm closely misses you. The bat hits you.
Natasha completely misses you.
Natasha mumbles some strange words.
The kobold completely misses you.
The endoplasm hits you but does no damage.
You barely miss Natasha. Natasha barely misses you.
The kobold hits you with a +0 short sword.
The endoplasm freezes you.
You are frozen!
You feel a terrible chill!
* * * LOW HITPOINT WARNING * * *
The white imp completely misses you.
You hit Natasha.
Natasha is moderately wounded.
Natasha claws you.
* * * LOW HITPOINT WARNING * * *
The endoplasm freezes you.
You are frozen.
* * * LOW HITPOINT WARNING * * *
The kobold hits you but does no damage. The white imp hits you.
* * * LOW HITPOINT WARNING * * *
The white imp freezes you.
You feel a terrible chill!
You die...

#. .. #.#.. ###.#.#
#.....# ##.....##
#.#########.......# .#
.........##...B...# #.##
..######.##..5JK∩.# ...#
.........##.##@#..#[....
....####.# .##h#..#....#
...>...>.# )##......#
....##..# .##.#..###
....##..# .##.#..#
#.#..♣#.#..<..###.## ###
#.♣.∩.♣#...........[ ..#
##..♣........###.###
#.###..######.####


You could see Natasha, a white imp (summoned), an endoplasm, a giant cockroach
and a kobold.

Vanquished Creatures
  A dart slug (D:1)
  2 ball pythons (D:1)
  A giant cockroach (D:1)
  A goblin (D:1)
  2 hobgoblins (D:1)
  3 quokkas (D:1)
  2 bats
  A frilled lizard (D:1)
  A kobold (D:1)
  2 rats (D:1)
16 creatures vanquished.

Notes
Turn   | Place    | Note
-------+----------+-------------------------------------------
     0 | D:1      | RascalDebosk the Djinni Gladiator began the quest for the
                  | Orb.
     0 | D:1      | Reached XP level 1. HP: 18/18 MP: 0/0
    42 | D:1      | Found a faded altar of an unknown god.
    89 | D:1      | Reached XP level 2. HP: 20/23 MP: 0/0
   214 | D:1      | Reached skill level 1 in Evocations
   563 | D:2      | Found Goal's Armour Boutique.
   620 | D:2      | Found Casmaxza's General Store.
   622 | D:2      | Noticed Natasha
   630 | D:2      | Slain by a white imp

Illustrated notes

Levels and vault maps discovered:
D:1:      ncdulo_watergridlock, layout_rooms, basic_ecumenical_altar
D:2:      layout_loops_ring, serial_shops, nicolae_shop_crystal, shop,
          nicolae_lakefront_shop, nicolae_shop_trees, uniq_natasha

Skill      XL: |  1  2 |
---------------+-------+-----
Evocations     | 1 |  1.1
Fighting       | |  2.4
Short Blades   | |  2.6
Throwing       | |  1.5
Dodging        | |  3.2
Spellcasting   | |  0.7

Action                   || total
-------------------------++-------
Melee: Rapier            ||    41
Armor: Leather armour    ||    15
Dodge: Dodged            ||    43
